 Dungeon Crawl Stone Soup version 0.20.1-1-g8b1a95d (webtiles) character file.

1686995 dxctxrx the Rhythm of Life and Death (level 27, 273/273 HPs)
             Began as a Formicid Fighter on Sept 1, 2017.
             Was a Follower of Uskayaw.
             Escaped with the Orb
             ... and 3 runes on Sept 3, 2017!
             The game lasted 05:08:43 (79129 turns).

dxctxrx the Rhythm of Life and Death (FoFi)        Turns: 79129, Time: 05:08:45

Health: 273/273    AC: 39    Str: 33    XL:     27
Magic:  40/40      EV: 19    Int: 16    God:    Uskayaw [*.....]
Gold:   6797       SH: 26    Dex: 18    Spells: 18/26 levels left

rFire    + + +     SeeInvis +   a - +7 battleaxe of the Thirteen Realms {drain, rElec rPois Str+2 Int-2}
rCold    + + +     Gourm    .   o - +10 shield of the Vacuum {MR+ Regen+}
rNeg     . . .     Faith    +   w - +6 gold dragon scales
rPois    +         Spirit   .   (helmet unavailable)
rElec    +         Reflect  .   M - scarf {repulsion}
rCorr    +         Harm     .   j - +2 pair of gloves {Dex+3}
MR       ++++.     NoCast   +   e - +0 pair of boots "Moeff" {-Cast rF++ rC+ Stlth+}
Stlth    ..........             p - amulet "Noef" {Faith Dex+6}
Regen    1.0/turn               N - ring "Inukhlux" {rCorr MR+ Str+4 Int+4 Dex-4}
MPRegen  0.3/turn               R - +6 ring of protection

@: repel missiles
A: permanent stasis, dig shafts and tunnels, four strong arms, antennae 3, agile
1, cold resistance 1, deformed body, deterioration 1, robust 1, shaggy fur 1,
subdued magic 1, sturdy frame 1
0: Orb of Zot
}: 3/15 runes: decaying, serpentine, silver
a: Dig, Shaft Self, Stomp, Renounce Religion


You escaped.
You worshipped Uskayaw.
Uskayaw was exalted by your worship.
You were not hungry.

You visited 10 branches of the dungeon, and saw 50 of its levels.
You also visited: Bailey.

You collected 8419 gold pieces.
You spent 1622 gold pieces at shops.

Inventory:

Hand Weapons
 a - the +7 battleaxe of the Thirteen Realms (weapon) {drain, rElec rPois Str+2 Int-2}
   (You found it on level 1 of the Swamp)

   A truly terrible weapon, it drains the life of those it strikes.
   It affects your strength (+2).
   It affects your intelligence (-2).
   It insulates you from electricity.
   It protects you from poison.
 b - the +2 morningstar "Niqant" {elec, +Inv rPois MR+ Int-2}
   (You found it in a bailey)

   Occasionally, upon striking a foe, it will discharge some electrical energy
   and cause terrible harm.
   It affects your intelligence (-2).
   It protects you from poison.
   It affects your resistance to hostile enchantments.
   It lets you turn invisible.
 q - a +3 executioner's axe of electrocution
   (You acquired it on level 5 of the Depths)
Missiles
 C - 1122 stones (quivered)
 J - 2051 bolts
 P - 6 throwing nets {=f, !d}
Armour
 e - the +0 pair of boots "Moeff" (worn) {-Cast rF++ rC+ Stlth+}
   (You found it on level 4 of the Depths)

   It greatly protects you from fire.
   It protects you from cold.
   It prevents spellcasting.
   It makes you more stealthy.
 j - a +2 pair of gloves of dexterity (worn)
   (You found it on level 5 of the Lair of Beasts)
 n - the +2 faerie dragon scales {rC+ Regen+ rCorr MP+9 Int+4}
   (You took it off the Enchantress on level 2 of the Depths)

   It affects your intelligence (+4).
   It protects you from cold.
   It affects your magic capacity (+9).
   It increases your rate of regeneration.
   It protects you from acid and corrosion.
 o - the +10 shield of the Vacuum (worn) {MR+ Regen+}
   (You acquired it on level 4 of the Vaults)

   It affects your resistance to hostile enchantments.
   It increases your rate of regeneration.
 w - +6 gold dragon scales (worn)
   (You found it on level 5 of the Vaults)
 M - a scarf of repulsion (worn)
   (You found it on level 2 of the Depths)
 T - a +2 pair of boots of running
   (You found it on level 6 of the Lair of Beasts)
Jewellery
 l - a +3 ring of slaying
   (You found it on level 2 of the Snake Pit)
 p - the amulet "Noef" (around neck) {Faith Dex+6}
   (You took it off a boggart on level 6 of the Lair of Beasts)

   [amulet of faith]

   It allows you to gain divine favour quickly.
   It affects your dexterity (+6).
 u - the amulet "Duteedup" {*Slow rN++ Regen+ Dex+4 Stlth+}
   (You took it off a hell knight on level 4 of the Depths)

   [amulet of regeneration]

   It affects your dexterity (+4).
   It greatly protects you from negative energy.
   It increases your rate of regeneration.
   It may slow you when you take damage.
   It makes you more stealthy.
 N - the ring "Inukhlux" (left hand) {rCorr MR+ Str+4 Int+4 Dex-4}
   (You found it on level 1 of the Swamp)

   [ring of resist corrosion]

   It affects your strength (+4).
   It affects your intelligence (+4).
   It affects your dexterity (-4).
   It affects your resistance to hostile enchantments.
 R - a +6 ring of protection (right hand)
   (You took it off a deep elf demonologist on level 3 of the Elven Halls)
 X - the amulet of the Four Winds {rN+ MR+++ Clar}
   (You found it on level 2 of the Realm of Zot)

   [amulet of nothing]

   It protects you from negative energy.
   It affects your resistance to hostile enchantments.
   It protects you against confusion.
Wands
 m - a wand of scattershot (1/9)
   (You took it off an ironbrand convoker on level 5 of the Vaults)
 y - a wand of acid (7/15)
   (You found it on level 1 of the Swamp)
 D - a wand of disintegration (11/24)
   (You bought it in a shop on level 5 of the Vaults)
 S - a wand of clouds (0/9)
   (You found it on level 10 of the Dungeon)
Scrolls
 i - 5 scrolls of fear
 k - 4 scrolls of identify
 x - 6 scrolls of immolation {!r}
 z - 2 scrolls of fog
 E - a scroll of magic mapping {!r}
 H - 3 scrolls of summoning
 L - 21 scrolls of remove curse
 O - a scroll of enchant armour
 Q - 7 scrolls of recharging
 Y - a scroll of silence
Potions
 d - 2 potions of ambrosia
 g - 18 potions of curing
 r - 3 potions of invisibility
 t - 5 potions of magic
 v - 5 potions of cancellation
 A - 7 potions of lignification {!q}
 F - 4 potions of resistance
 G - 3 potions of might
 I - 3 potions of mutation {!q}
 V - 5 potions of flight
 W - 2 potions of brilliance
Miscellaneous
 s - 7 phantom mirrors
Comestibles
 f - 24 bread rations
 h - 3 meat rations
 B - 24 royal jellies


   Skills:
 O Level 27 Fighting
 - Level 20.1 Axes
 + Level 26.5 Armour
 - Level 16.4 Dodging
 - Level 15.4 Shields
 O Level 27 Invocations


You had 18 spell levels left.
You knew the following spells:

 Your Spells              Type           Power        Failure   Level  Hunger
a - Regeneration          Chrm/Necr      #.........   94%         3    ####...
b - Spectral Weapon       Hex/Chrm       #.......     94%         3    ####...
c - Apportation           Tloc           #.....       63%         1    ##.....
d - Summon Butterflies    Summ           #.......     63%         1    ##.....


Dungeon Overview and Level Annotations

Branches:
Dungeon (15/15)            Temple (1/1) D:6            Lair (6/6) D:10
  Swamp (4/4) Lair:2        Snake (4/4) Lair:3        Slime (0/5) Lair:6
    Orc (2/2) D:11            Elf (3/3) Orc:2        Vaults (5/5) D:13
  Crypt (0/3) Vaults:3     Depths (5/5) D:15            Zot (5/5) Depths:5

Altars:
Ashenzari
Cheibriados
Dithmenos
Elyvilon
Fedhas
Gozag
Hepliaklqana
Kikubaaqudgha
Makhleb
Nemelex Xobeh
Okawaru
Qazlal
Ru
Sif Muna
Trog
Uskayaw
Vehumet
Xom
Yredelemnul
Zin
The Shining One
Jiyva
Lugonu

Shops:
D:4 }   D:7 *   D:10 *   D:11 :   Orc:2 [*%(   Snake:3 [   Vaults:1 }
Vaults:2 %   Vaults:5 }=%(%!%

Portals:
Hell: Depths:1 Depths:2 Depths:3 Depths:4 Depths:5
Abyss: Depths:1 Depths:4
Pandemonium: Depths:3 Depths:5
Ziggurat: Depths:3
Trove: D:12 (give +3 gold dragon scales)

Annotations:
D:3 1 runed door
D:8 exclusions: downstairs and plant
Lair:3 1 runed door
Lair:6 exclusion: 4 oklob plants
Swamp:3 exclusion: downstairs
Elf:2 3 runed doors


Innate Abilities, Weirdness & Mutations

You cannot be hasted, slowed, berserked, paralysed or teleported.
You can dig through walls and to a lower floor.
Your four strong arms can wield two-handed weapons with a shield.
You have a pair of large antennae on your head. (SInv)
You are agile. (Dex +2)
Your flesh is cold resistant. (rC+)
Armour fits poorly on your strangely shaped body.
Your body sometimes deteriorates upon taking damage.
You are robust. (+10% HP)
You are covered in fur. (AC +1)
Your spells are a little easier to cast, but a little less powerful.
Your movements are slightly less encumbered by armour. (ER -2)


Message History

There is a stone staircase leading down here.
A shadow imp comes into view.
You hit the shadow imp.
The shadow imp is severely wounded.
You closely miss the shadow imp.
The shadow imp is severely wounded.
You barely miss the shadow imp.
The shadow imp is severely wounded.
You block the shadow imp's attack.
You hit the shadow imp.
You kill the shadow imp!
(D) Dungeon (T) Temple (L) Lair (S) Swamp (P) Snake Pit (M) Slime Pits (O) Orcish Mines (E) Elven Halls (V) Vaults (C) Crypt (U) Depths (H) Hell (Z) Zot
Where to? (Enter - D:1 @ (x,y), ? - help)
You sense a monster nearby.
You extend your mandibles.
You retract your mandibles.
You extend your mandibles.
You dig through the rock wall.
A pandemonium lord and an ancient lich come into view.
The ancient lich shouts!
You dig through the rock wall.
Liqy hits you but does no damage.
You dig through the rock wall.
You block Liqy's attack.
You retract your mandibles.
You slice Liqy!!
Liqy is lightly wounded.
Liqy gestures at you. You resist with almost no effort.
You slash Liqy!
Liqy is moderately wounded.
Liqy hits you but does no damage.
You hit Liqy.
Liqy is moderately wounded.
You slash Liqy!
Liqy is moderately wounded.
You block Liqy's attack.
You barely miss Liqy.
Liqy is moderately wounded.
Liqy gestures.
You slice Liqy!!
Liqy is heavily wounded.
You can now pass through a line of other dancers.
You barely miss Liqy.
Liqy is heavily wounded.
Liqy gestures.
You slice Liqy like a ripe choko!!!
Liqy is severely wounded.
You block Liqy's attack.
You slice Liqy!!
Liqy is almost dead.
You closely miss the redback. You block the redback's attack.
You hit Liqy.
Liqy is almost dead.
You completely miss the redback. Liqy hits you but does no damage.
The redback bites you but does no damage.
You hit Liqy but do no damage.
Liqy is almost dead.
You hit the hell rat. You slice the redback!!
The hell rat completely misses you. Liqy hits you but does no damage.
You block the redback's attack.
You hit Liqy.
Liqy is almost dead.
You miss the redback. You barely miss the hell rat.
You block the hell rat's attack.
The ancient lich mumbles some strange words.
The ancient lich seems to speed up.
You block the redback's attack. Liqy hits you but does no damage.
Uskayaw will force your foes to helplessly watch your dance.
Uskayaw prepares the audience for your solo!
The helpless Liqy fails to defend itself.
You cut Liqy into ribbons!!!
You kill Liqy!
The ynoxinul disappears in a puff of smoke!
The rust devil disappears in a puff of smoke!
The sixfirhy disappears in a puff of smoke!
The redback disappears in a puff of smoke!
The hell rat disappears in a puff of smoke!
The helpless ancient lich fails to defend itself.
You chop the ancient lich into pieces!!!
The ancient lich is severely damaged.
The ancient lich is no longer paralysed.
The ancient lich touches you but does no damage.
Uskayaw will force your foes to share their pain.
You slice the ancient lich!!
The ancient lich is almost destroyed.
The ancient lich touches you but does no damage.
You slice the ancient lich like a ripe choko!!!
You destroy the ancient lich!
You extend your mandibles.
You dig through the rock wall.
You dig through the rock wall.
You retract your mandibles.
You extend your mandibles.
You dig through the rock wall.
You dig through the rock wall.
You retract your mandibles.
You can no longer pass through a line of other dancers.
There is a staircase leading out of the dungeon here.
You have escaped!

....# ###.#.......'.# ##.#...
..### #.#.......#.# ####.....
..###### #.#.......#.# #........
.).....# #.##'#....#.# #........
+#.###.# #.##.######.# #....)...
.#.###.# #.##.# #.####........
.#.....# #.##.## #....'........
...#######.....##########.......)
...............#@.#....#######.##
###.#######)#..##.......## #..#
....#.......#.####..##...# ##.#
###.......#.#.# ######..### #..
..........#.#.#### ##......#####.
.###......#......# #..##...[.....
.###......'...##.###.#####.#.#.##
...'......##.###.##.## #..).....#
.###......##.###.#..# ##...#.##.#


There were no monsters in sight!

Vanquished Creatures
  7 orbs of fire
  8 ancient liches
  3 juggernauts
  Sojobo (Vaults:4)
  3 pandemonium lords
  4 curse toes
  A caustic shrike (Depths:2)
  3 Killer Klowns
  Xtahua (Vaults:4)
  12 golden dragons
  the Enchantress (Depths:2)
  A bone dragon (Depths:5)
  3 liches
  4 electric golems
  20 tentacled monstrosities
  A Hell Sentinel (D:8)
  Rupert (D:13)
  4 deep elf blademasters (Elf:3)
  6 quicksilver dragons
  3 deep elf master archers (Elf:3)
  23 Orb Guardians
  Frances (D:14)
  4 titans
  8 death cobs
  6 sphinxes
  2 Executioners
  3 thorn hunters
  Agnes (Elf:1)
  An eldritch tentacle (Swamp:1)
  9 tengu reavers
  11 shadow dragons
  12 draconian monks
  17 storm dragons
  6 nagarajas
  16 fire giants
  The ghost of Monsterracer the Covert, a journeyman NaVM of Vehumet (Orc:1)
  20 frost giants
  6 ghost moths
  10 deep elf sorcerers
  15 vault wardens
  6 draconian scorchers
  3 draconian knights
  4 iron dragons
  An orc warlord (Vaults:5)
  2 cacodemons
  Louise (Swamp:3)
  5 deep elf elementalists
  A reaper (Depths:1)
  4 draconian annihilators
  9 draconian shifters
  4 draconian stormcallers
  6 spriggan defenders
  3 war gargoyles
  22 ironheart preservers
  22 very ugly things
  2 vampire knights
  An entropy weaver (Vaults:4)
  35 stone giants
  9 green draconians
  12 black draconians
  Nessos (Lair:6)
  10 deep elf demonologists
  14 deep elf annihilators
  11 yellow draconians
  13 white draconians
  17 red draconians
  16 purple draconians
  4 spark wasps
  7 deep elf death magi
  14 ettins
  A green death (Depths:1)
  23 fire dragons
  9 great orbs of eyes
  21 yaktaur captains
  29 hydras
  Erolcha (D:9)
  Harold (Lair:1)
  12 ice dragons
  8 deep elf high priests
  6 rakshasas
  A servant of whispers (Vaults:3)
  32 vault guards
  21 naga warriors
  3 ghost crabs
  A hydra (shapeshifter) (Elf:3)
  4 large abominations
  3 anacondas
  11 centaur warriors
  2 hell beasts
  A caustic shrike simulacrum (Depths:1)
  7 spriggan air magi
  A catoblepas (D:14)
  A two-headed ogre (shapeshifter) (Vaults:5)
  67 two-headed ogres
  6 death knights
  10 alligators
  17 dancing weapons
  5 tengu warriors
  Erica (D:9)
  7 deep troll earth magi
  2 vampire magi
  10 deep troll shamans
  An orc high priest (Elf:1)
  22 ogre magi
  12 naga sharpshooters
  A sun demon (Depths:5)
  A soul eater (Depths:1)
  18 hell knights
  6 spriggan berserkers
  4 shock serpents
  16 deep elf knights
  3 small abominations
  10 skeletal warriors
  3 sixfirhies
  A salamander mystic (Snake:2)
  9 swamp dragons
  4 sea snakes
  5 unseen horrors
  4 shadow wraiths
  2 iron trolls (Depths:5)
  The ghost of vatarom the Gouger, a novice FeTm of Makhleb (D:10)
  6 glowing orange brains
  An infernal demonspawn (Depths:3)
  A shadow demon (Depths:3)
  31 deep trolls
  A glowing orange brain (shapeshifter) (Vaults:5)
  6 flayed ghosts
  3 spriggan druids (Swamp:4)
  8 wizards
  A lindwurm (Lair:6)
  62 deep elf magi
  21 orc knights
  31 deep elf archers
  3 harpies (Vaults:5)
  2 shambling mangroves
  2 phantasmal warriors
  9 necromancers
  4 manticores
  20 ironbrand convokers
  An iron dragon zombie (D:15)
  A wolf spider zombie (D:14)
  5 orc sorcerers
  8 naga ritualists
  3 wolf spiders
  2 mana vipers (shapeshifter) (Vaults:5)
  A fire giant zombie (D:15)
  A frost giant zombie (Depths:1)
  7 mana vipers
  A cyclops (shapeshifter) (Vaults:3)
  37 ugly things
  7 cyclopes
  A stone giant zombie (Depths:1)
  9 salamanders
  A salamander (shapeshifter) (Depths:2)
  A sphinx skeleton (Depths:1)
  A fire giant skeleton (Vaults:2)
  35 moths of wrath
  28 black mambas
  17 elephants
  A water nymph (shapeshifter) (Depths:3)
  4 guardian serpents
  A frost giant skeleton (Vaults:2)
  3 guardian serpents (shapeshifter)
  2 elephants (shapeshifter)
  3 rust devils
  5 orange demons
  26 naga magi
  13 vault sentinels
  A black mamba (shapeshifter) (Depths:2)
  27 spiny frogs
  A stone giant skeleton (Vaults:2)
  A smoke demon (D:8)
  A gargoyle (D:15)
  2 torpor snails
  A spiny frog (shapeshifter) (Vaults:1)
  47 yaktaurs
  A spriggan skeleton (Depths:1)
  13 freezing wraiths
  3 kobold demonologists (D:14)
  6 komodo dragons
  A hellion (D:11)
  A demonic crawler (Depths:1)
  2 efreet
  A redback zombie (D:12)
  2 komodo dragons (shapeshifter)
  An ice devil (Depths:4)
  4 tengu conjurers
  A guardian mummy (D:15)
  A hellwing (Zot:5)
  A red devil (Depths:3)
  3 saltlings (Vaults:3)
  3 meliai (D:12)
  An elf skeleton (Depths:1)
  2 jumping spiders (shapeshifter)
  A queen bee (D:12)
  11 trolls
  18 hornets
  47 slime creatures
  3 polar bears (Lair:6)
  A blink frog (shapeshifter) (Vaults:4)
  11 hippogriffs
  A hippogriff (shapeshifter) (Depths:2)
  A sphinx simulacrum (Depths:5)
  34 blink frogs
  12 tyrant leeches
  11 bog bodies
  A spriggan zombie (D:15)
  An iron dragon simulacrum (Depths:1)
  A snapping turtle (shapeshifter) (Vaults:5)
  A dream sheep (Lair:6)
  A deep troll zombie (D:15)
  A meliai zombie (D:14)
  A spriggan (shapeshifter) (Depths:2)
  A fire dragon zombie (Depths:1)
  4 water elementals
  5 flying skulls (Depths:5)
  4 tarantellas (shapeshifter)
  2 ynoxinuls
  2 redbacks (Vaults:4)
  9 air elementals
  4 shadows
  17 spriggans
  2 basilisks
  6 wraiths
  2 neqoxecs
  56 yaks
  6 wyverns
  3 hungry ghosts
  22 fire elementals
  11 vampire mosquitoes
  2 fire bats (shapeshifter)
  A chaos spawn (Depths:1)
  6 wargs
  29 swamp worms
  10 insubstantial wisps
  Edmund (D:5)
  A soldier ant (D:13)
  48 nagas
  5 floating eyes
  20 water moccasins
  8 porcupines
  2 sky beasts
  5 ice beasts
  50 orc warriors
  14 swamp drakes
  7 black bears
  2 necrophages
  2 eyes of draining
  4 phantoms
  14 boggarts
  A boggart (shapeshifter) (Depths:2)
  65 ogres
  22 wolves
  11 centaurs
  14 crocodiles
  8 big kobolds
  23 bullfrogs
  4 earth elementals
  A gnoll sergeant (D:7)
  3 wyvern skeletons
  A human skeleton (Vaults:2)
  A scorpion (shapeshifter) (Vaults:2)
  8 scorpions
  16 killer bees
  2 human simulacra
  An elf simulacrum (Vaults:3)
  8 electric eels
  2 quasits
  4 howler monkeys
  11 crimson imps
  A lava snake (Lair:3)
  4 bullfrog zombies
  5 centaur zombies
  9 centaur skeletons
  4 jellies
  12 orc priests
  3 bullfrog skeletons
  9 hounds
  An iron imp (Depths:3)
  3 gnoll shamans (D:14)
  5 iguanas
  Ijyb (D:4)
  21 orc wizards
  11 worker ants
  A hell rat (Depths:1)
  A hound zombie (D:9)
  2 hound skeletons
  A howler monkey zombie (D:11)
  2 worker ant zombies
  A howler monkey skeleton (D:6)
  21 gnolls
  10 adders
  11 shadow imps
  3 white imps
  3 ufetubi (Depths:3)
  3 oozes
  An adder skeleton (D:8)
  2 worms (D:2)
  3 dart slugs
  7 leopard geckos
  78 orcs
  8 bats
  A giant cockroach (Depths:1)
  7 goblins
  4 hobgoblins
  20 jackals
  4 quokkas
  2 ball pythons
  2 frilled lizards
  20 kobolds
  A leopard gecko skeleton (D:4)
  A quokka zombie (D:8)
  8 rats
  3 crawling corpses
  7 fungi
  10 plants
  2 withered plants (D:15)
2620 creatures vanquished.

Vanquished Creatures (others)
  A fire giant (Depths:4)
  A vampire knight (Depths:2)
  A catoblepas (Zot:4)
  A deep elf knight (Elf:1)
  A spriggan berserker (Depths:3)
  A deep troll (Vaults:5)
  An unseen horror (D:10)
  A centaur zombie (D:13)
  A vault sentinel (Vaults:5)
  A naga mage (Snake:4)
  A centaur skeleton (D:13)
  2 hornets
  A spriggan (Lair:6)
  A floating eye (Depths:5)
  An orc warrior (Elf:1)
  A swamp drake (Swamp:4)
  A scorpion (Depths:1)
  A hound (D:10)
  An orc priest (Vaults:5)
  A river rat (shapeshifter) (Depths:5)
  A ball lightning (Swamp:1)
  A leopard gecko (D:10)
  A bush (Lair:6)
  19 fungi
  27 plants
  6 toadstools (Swamp:3)
76 creatures vanquished.

Grand Total: 2696 creatures vanquished

Notes
Turn   | Place    | Note
-------+----------+-------------------------------------------
     0 | D:1      | dxctxrx the Formicid Fighter began the quest for the Orb.
     0 | D:1      | Reached XP level 1. HP: 18/18 MP: 1/1
   265 | D:1      | Reached XP level 2. HP: 24/24 MP: 2/2
   787 | D:2      | Reached XP level 3. HP: 29/29 MP: 3/3
   856 | D:2      | Reached skill level 3 in Axes
  1146 | D:2      | Reached XP level 4. HP: 35/36 MP: 4/4
  1333 | D:2      | Reached skill level 4 in Shields
  1820 | D:3      | Found a glowing golden altar of the Shining One.
  1820 | D:3      | Noticed an angel
  1826 | D:3      | Found a runed door.
  1918 | D:3      | Reached XP level 5. HP: 32/42 MP: 5/5
  2007 | D:3      | Found a snail-covered altar of Cheibriados.
  2139 | D:3      | Reached skill level 4 in Axes
  2305 | D:3      | Reached skill level 4 in Armour
  2701 | D:4      | Reached skill level 4 in Fighting
  2701 | D:4      | Reached XP level 6. HP: 43/48 MP: 6/6
  3042 | D:4      | Reached skill level 5 in Shields
  3091 | D:4      | Found Cuoch's Gadget Boutique.
  3441 | D:5      | Entered Level 5 of the Dungeon
  3447 | D:5      | Reached skill level 5 in Axes
  3447 | D:5      | Reached XP level 7. HP: 55/55 MP: 7/7
  3525 | D:5      | Noticed Ijyb
  3559 | D:4      | Killed Ijyb
  3678 | D:5      | Reached skill level 5 in Armour
  3791 | D:5      | Reached XP level 8. HP: 57/61 MP: 8/8
  3800 | D:5      | Found a glowing silver altar of Zin.
  3809 | D:5      | Reached skill level 5 in Fighting
  3882 | D:5      | Noticed Edmund
  3898 | D:5      | Killed Edmund
  3898 | D:5      | Reached skill level 6 in Axes
  3911 | D:5      | Reached skill level 6 in Shields
  4854 | D:6      | Reached skill level 7 in Axes
  5078 | D:6      | Reached skill level 6 in Armour
  5078 | D:6      | Reached XP level 9. HP: 59/69 MP: 9/9
  5534 | D:6      | Found a deep blue altar of Sif Muna.
  5558 | D:6      | Reached skill level 6 in Fighting
  5689 | D:6      | Reached skill level 7 in Shields
  5784 | D:6      | Found a staircase to the Ecumenical Temple.
  5790 | Temple   | Entered the Ecumenical Temple
  5858 | Temple   | Became a worshipper of Uskayaw the Reveler
  5986 | D:6      | Reached * piety under Uskayaw
  6152 | D:7      | Found Peli's Assorted Antiques.
  6162 | D:7      | Bought a scroll of identify for 44 gold pieces
  6162 | D:7      | Bought a scroll labeled TINLIU XAECSE for 22 gold pieces
  6345 | D:7      | Reached ** piety under Uskayaw
  6369 | D:7      | Reached skill level 8 in Axes
  6370 | D:7      | Reached *** piety under Uskayaw
  6476 | D:7      | Found a sacrificial altar of Ru.
  6632 | D:7      | Found a glowing golden altar of the Shining One.
  6714 | D:7      | Reached **** piety under Uskayaw
  6719 | D:7      | Reached skill level 1 in Invocations
  7110 | D:8      | Reached skill level 2 in Invocations
  7591 | D:8      | Found a burning altar of Makhleb.
  7907 | D:8      | Reached skill level 7 in Armour
  7907 | D:8      | Reached XP level 10. HP: 65/77 MP: 12/12
  8284 | D:8      | Reached skill level 9 in Axes
  8284 | D:8      | Reached skill level 3 in Invocations
  8291 | D:8      | Got a fine ring mail
  8318 | D:8      | Identified the +5 ring mail of the Sky {Str+4 Int-3} (You took it off an orc on level 8 of the Dungeon)
  8826 | D:8      | Reached skill level 7 in Fighting
  9018 | D:9      | Noticed Erolcha
  9193 | D:9      | Noticed Erica
  9510 | D:9      | Reached skill level 8 in Shields
  9571 | D:9      | Reached ***** piety under Uskayaw
  9657 | D:9      | Reached skill level 4 in Invocations
  9755 | D:9      | Killed Erolcha
  9848 | D:9      | Killed Erica
  9848 | D:9      | Reached skill level 10 in Axes
  9848 | D:9      | Reached skill level 8 in Armour
  9848 | D:9      | Reached XP level 11. HP: 31/84 MP: 9/14
 10126 | D:9      | Found a hazy altar of Hepliaklqana.
 10186 | D:9      | Reached skill level 5 in Invocations
 10305 | D:9      | Found a white marble altar of Elyvilon.
 10452 | D:9      | Reached skill level 8 in Fighting
 10773 | D:9      | Noticed a two-headed ogre
 10793 | D:9      | Killed a two-headed ogre
 10793 | D:9      | Reached skill level 9 in Shields
 11009 | D:10     | Entered Level 10 of the Dungeon
 11009 | D:10     | Noticed an unseen horror
 11033 | D:10     | HP: 16/86 [troll (14)]
 11035 | D:10     | Killed an unseen horror
 11039 | D:9      | HP: 13/87 [troll (7)]
 11046 | D:9      | HP: 20/87 [troll (7)]
 11368 | D:10     | Noticed a two-headed ogre
 11384 | D:10     | Killed a two-headed ogre
 11384 | D:10     | Reached skill level 6 in Invocations
 11574 | D:10     | Reached skill level 11 in Axes
 11976 | D:10     | Reached skill level 9 in Armour
 12107 | D:10     | Noticed vatarom's ghost (novice FeTm)
 12120 | D:10     | HP: 18/87 [vatarom's ghost (17)]
 12122 | D:10     | You fall through a shaft for 3 floors!
 12129 | D:13     | Noticed a skeletal warrior
 12130 | D:13     | Noticed a deep elf mage
 12131 | D:13     | Noticed a deep elf archer
 12131 | D:13     | Noticed a deep elf mage
 12131 | D:13     | HP: 19/87 [skeletal warrior/glaive of protection (7)]
 12137 | D:13     | HP: 17/87 [wyvern skeleton (4)]
 12254 | D:13     | Noticed a two-headed ogre
 12273 | D:12     | Found a portal to a secret trove of treasure.
 12492 | D:11     | Noticed a cyclops
 12493 | D:11     | Noticed a manticore
 12591 | D:10     | Found Buuleq's Assorted Antiques.
 13245 | D:10     | Found a staircase to the Lair.
 13493 | D:10     | Reached XP level 12. HP: 94/94 MP: 17/17
 14179 | Lair:1   | Entered Level 1 of the Lair of Beasts
 14303 | Lair:1   | Noticed Harold
 14343 | Lair:1   | Killed Harold
 14343 | Lair:1   | Reached skill level 1 in Dodging
 14343 | Lair:1   | Reached skill level 7 in Invocations
 14800 | Lair:1   | Got a crude lapis lazuli ring
 14807 | Lair:1   | Reached skill level 9 in Fighting
 14808 | Lair:1   | Identified the cursed ring of Salvation {Dex+2 Slay-2} (You found it on level 1 of the Lair of Beasts)
 15029 | Lair:1   | You fall through a shaft!
 15392 | Lair:2   | Noticed an eight-headed hydra
 15671 | D:11     | Noticed an unseen horror
 15687 | D:11     | Killed an unseen horror
 15687 | D:11     | Reached skill level 2 in Dodging
 15710 | D:11     | Reached skill level 8 in Invocations
 16045 | D:11     | Reached skill level 3 in Dodging
 16090 | D:11     | Found a staircase to the Orcish Mines.
 16204 | D:11     | Noticed a four-headed hydra
 16215 | D:11     | Killed a four-headed hydra
 16215 | D:11     | Reached skill level 12 in Axes
 16604 | D:11     | Found Nupsor's Book Shoppe.
 16611 | D:11     | Got a scorched dagger
 16627 | D:11     | Noticed an unseen horror
 16637 | D:11     | Killed an unseen horror
 16906 | Lair:2   | Reached skill level 4 in Dodging
 16911 | Lair:2   | Reached skill level 9 in Invocations
 17211 | Lair:2   | Killed an eight-headed hydra
 17211 | Lair:2   | Reached XP level 13. HP: 39/101 MP: 7/20
 17972 | Lair:2   | Found a staircase to the Swamp.
 18193 | Lair:3   | Reached skill level 5 in Dodging
 18384 | Lair:3   | Found a runed door.
 18514 | Lair:3   | Reached skill level 10 in Invocations
 18717 | Lair:3   | Noticed a six-headed hydra
 18750 | Lair:3   | Killed a six-headed hydra
 18750 | Lair:3   | Reached skill level 10 in Fighting
 18773 | Lair:3   | Reached ****** piety under Uskayaw
 19011 | Lair:3   | Found a staircase to the Snake Pit.
 19154 | Lair:3   | Noticed an ice dragon
 19161 | Lair:3   | HP: 10/103 [ice dragon/blast of cold (41)]
 19169 | Lair:3   | HP: 23/103 [ice dragon (1)]
 19174 | Lair:3   | HP: 24/103 [ice dragon (2)]
 19177 | Lair:3   | HP: 10/103 [ice dragon (6)]
 19191 | Lair:3   | HP: 20/103 [ice dragon (6)]
 19196 | Lair:3   | HP: 22/103 [ice dragon (6)]
 19198 | Lair:3   | You fall through a shaft for 3 floors!
 19198 | Lair:6   | Entered Level 6 of the Lair of Beasts
 19209 | Lair:6   | HP: 23/103 [spiny frog (10)]
 19375 | Lair:6   | Noticed a seven-headed hydra
 19397 | Lair:5   | Reached skill level 13 in Axes
 20172 | Lair:3   | Reached skill level 6 in Dodging
 20200 | Lair:3   | Reached skill level 11 in Invocations
 20297 | Lair:4   | Identified a scroll of acquirement
 20583 | Lair:4   | Noticed a five-headed hydra
 20593 | Lair:4   | Killed a five-headed hydra
 21194 | Lair:5   | Learned a level 3 spell: Regeneration
 21198 | Lair:5   | Learned a level 3 spell: Spectral Weapon
 21407 | Lair:5   | Reached XP level 14. HP: 83/111 MP: 16/22
 21563 | Lair:5   | HP: 27/111 [seven-headed hydra (3)]
 21584 | Lair:5   | HP: 21/111 [black mamba (5)]
 21588 | Lair:5   | Reached skill level 7 in Dodging
 22375 | Lair:6   | Reached skill level 12 in Invocations
 22740 | Lair:6   | Reached skill level 11 in Fighting
 22823 | Lair:6   | Reached skill level 8 in Dodging
 23363 | Lair:6   | Reached skill level 14 in Axes
 23388 | Lair:6   | Found a viscous altar of Jiyva.
 23389 | Lair:6   | Found a staircase to the Slime Pits.
 23405 | Lair:6   | Got a translucent bronze amulet
 23436 | Lair:6   | Noticed Nessos
 23453 | Lair:6   | Killed Nessos
 23777 | Lair:6   | Identified the amulet "Noef" {Faith Dex+6} (You took it off a boggart on level 6 of the Lair of Beasts)
 24081 | Lair:6   | Reached skill level 13 in Invocations
 24483 | Lair:6   | Reached XP level 15. HP: 106/119 MP: 24/24
 24912 | Lair:6   | Reached skill level 9 in Dodging
 25043 | Lair:5   | HP: 29/119 [poisoned by a spiny frog]
 25049 | Lair:5   | HP: 27/119 [poisoned by a spiny frog]
 25054 | Lair:5   | HP: 26/119 [poisoned by a spiny frog]
 25060 | Lair:5   | HP: 25/119 [poisoned by a spiny frog]
 25068 | Lair:5   | HP: 26/119 [poisoned by a spiny frog]
 25812 | Lair:6   | Identified a +2 pair of boots of running (You found it on level 6 of the Lair of Beasts)
 27881 | D:13     | Noticed Rupert
 27895 | D:13     | Killed Rupert
 27895 | D:13     | Reached skill level 14 in Invocations
 28219 | D:10     | Killed vatarom's ghost
 28219 | D:10     | Reached skill level 12 in Fighting
 28804 | D:13     | Reached skill level 15 in Axes
 29347 | D:13     | Found a gate to the Vaults.
 29912 | D:13     | Reached XP level 16. HP: 104/127 MP: 25/27
 30764 | D:14     | Reached skill level 15 in Invocations
 30961 | D:14     | Found a flagged portal.
 30971 | Bailey   | Entered a bailey
 31195 | Bailey   | Got a scorched morningstar
 31831 | D:14     | Noticed Frances
 31843 | D:14     | Killed Frances
 32612 | D:15     | Entered Level 15 of the Dungeon
 32747 | D:15     | Found an opulent altar of Gozag.
 32872 | D:15     | Reached skill level 13 in Fighting
 32894 | D:15     | Reached skill level 16 in Axes
 32894 | D:15     | Reached skill level 16 in Invocations
 32895 | D:15     | Found a staircase to the Depths.
 34162 | Orc:1    | Entered Level 1 of the Orcish Mines
 34253 | Orc:1    | Noticed Monsterracer's ghost (journeyman NaVM)
 34287 | Orc:1    | Killed Monsterracer's ghost
 34287 | Orc:1    | Reached XP level 17. HP: 60/137 MP: 29/29
 34743 | Orc:2    | Entered Level 2 of the Orcish Mines
 34743 | Orc:2    | Found a staircase to the Elven Halls.
 35362 | Orc:2    | Found Futsaesma's Food Emporium.
 35362 | Orc:2    | Found Zoiras's Armour Boutique.
 35363 | Orc:2    | Found Tuirryah's Weapon Shop.
 35363 | Orc:2    | Found Cuitsiqu's General Store.
 35394 | Orc:2    | Bought a potion of heal wounds for 75 gold pieces
 35394 | Orc:2    | Bought a potion of curing for 45 gold pieces
 35394 | Orc:2    | Bought 2 scrolls of identify for 60 gold pieces
 35395 | Orc:2    | Bought a +1 shield of fire resistance for 214 gold pieces
 35405 | Orc:2    | Identified the cursed +2 morningstar "Niqant" {elec, +Inv rPois MR+ Int-2} (You found it in a bailey)
 35618 | Orc:1    | Reached skill level 10 in Armour
 35905 | D:10     | Bought an agate ring for 125 gold pieces
 35905 | D:10     | Bought a scroll labeled LYJOCV SYUS for 25 gold pieces
 35915 | D:10     | Reached skill level 10 in Dodging
 35915 | D:10     | Reached XP level 18. HP: 145/145 MP: 30/30
 36016 | Swamp:1  | Entered Level 1 of the Swamp
 36551 | Swamp:1  | Found a transporter.
 36690 | Swamp:1  | Got a dazzling battleaxe
 36694 | Swamp:1  | Identified the +7 battleaxe of the Thirteen Realms {drain, rElec rPois Str+2 Int-2} (You found it on level 1 of the Swamp)
 37092 | Swamp:1  | Reached skill level 17 in Axes
 37359 | Swamp:1  | Found a transporter.
 37673 | Swamp:2  | Found a frozen archway.
 37994 | Swamp:2  | Reached skill level 14 in Fighting
 38484 | Swamp:3  | Reached skill level 17 in Invocations
 39745 | Swamp:3  | Noticed Louise
 39771 | Swamp:3  | Killed Louise
 39973 | Swamp:3  | Reached XP level 19. HP: 152/152 MP: 31/31
 40049 | Swamp:4  | Entered Level 4 of the Swamp
 40293 | Swamp:4  | Reached skill level 11 in Armour
 41942 | Swamp:4  | Reached skill level 18 in Axes
 42063 | Swamp:4  | Got a decaying rune of Zot
 42360 | Snake:1  | Entered Level 1 of the Snake Pit
 42914 | Snake:1  | Reached skill level 10 in Shields
 44911 | Snake:3  | Reached skill level 12 in Armour
 45041 | Snake:3  | Reached skill level 18 in Invocations
 45435 | Snake:3  | Reached skill level 15 in Fighting
 45508 | Snake:3  | Found Ittalicw's Armour Shop.
 45695 | Snake:3  | Reached skill level 11 in Shields
 46106 | Snake:3  | Reached XP level 20. HP: 161/162 MP: 33/33
 46804 | Snake:4  | Entered Level 4 of the Snake Pit
 47294 | Snake:4  | Reached skill level 11 in Dodging
 47855 | Snake:4  | Reached skill level 12 in Shields
 47956 | Snake:4  | HP: 33/163 [naga mage/orb of energy (17)]
 47962 | Snake:4  | HP: 31/163 [poisoned by a naga ritualist (toxic radiance)]
 47976 | Snake:4  | HP: 34/163 [nagaraja/halberd (13)]
 47981 | Snake:4  | HP: 27/163 [poisoned by a nagaraja (bolt of poison)]
 47990 | Snake:4  | HP: 32/163 [nagaraja/spear (1)]
 47996 | Snake:4  | HP: 30/163 [nagaraja/spear (3)]
 47999 | Snake:4  | Reached skill level 13 in Shields
 48666 | Snake:4  | Got a serpentine rune of Zot
 48688 | Snake:4  | Reached skill level 13 in Armour
 49388 | Vaults:1 | Entered Level 1 of the Vaults
 49814 | Vaults:1 | Reached skill level 14 in Shields
 49956 | Vaults:1 | Reached XP level 21. HP: 160/170 MP: 34/34
 50444 | Vaults:1 | Found Jifoa's Gadget Shop.
 50511 | Vaults:1 | Reached skill level 16 in Fighting
 51325 | Vaults:2 | Reached skill level 12 in Dodging
 51325 | Vaults:2 | Reached skill level 15 in Shields
 51550 | Vaults:2 | Reached skill level 14 in Armour
 52257 | Vaults:2 | Found Duocofuq's Food Emporium.
 52499 | Vaults:3 | Reached XP level 22. HP: 180/180 MP: 35/35
 53041 | Vaults:3 | Found a staircase to the Crypt.
 53138 | Vaults:3 | Reached skill level 13 in Dodging
 53765 | Vaults:3 | Reached skill level 17 in Fighting
 53818 | Vaults:3 | Reached skill level 15 in Armour
 55838 | Vaults:4 | Noticed a tengu reaver
 55839 | Vaults:4 | Noticed Sojobo
 55841 | Vaults:4 | Noticed a tengu reaver
 55849 | Vaults:4 | Killed a tengu reaver
 55851 | Vaults:4 | Killed Sojobo
 55851 | Vaults:4 | Reached XP level 23. HP: 172/188 MP: 36/36
 55852 | Vaults:4 | Killed a tengu reaver
 55870 | Vaults:4 | Noticed Xtahua
 55884 | Vaults:4 | Killed Xtahua
 55904 | Vaults:4 | Reached skill level 16 in Armour
 56357 | Vaults:4 | Got a dazzling shield
 56368 | Vaults:4 | Identified the +10 shield of the Vacuum {MR+ Regen+} (You acquired it on level 4 of the Vaults)
 56566 | Vaults:4 | Reached skill level 18 in Fighting
 57324 | Vaults:4 | Reached skill level 19 in Invocations
 57675 | Elf:1    | Entered Level 1 of the Elven Halls
 58012 | Elf:1    | Noticed Agnes
 58023 | Elf:1    | Killed Agnes
 58508 | Elf:1    | Reached skill level 17 in Armour
 58817 | Elf:2    | Found a runed gate.
 58817 | Elf:2    | Found a runed gate.
 58839 | Elf:2    | Found a runed gate.
 59146 | Elf:2    | Reached XP level 24. HP: 173/200 MP: 36/36
 59310 | Elf:3    | Entered Level 3 of the Elven Halls
 59737 | Elf:3    | Reached skill level 19 in Fighting
 59850 | Elf:3    | Reached skill level 19 in Axes
 61068 | Elf:3    | Got a scorched chain mail
 61186 | Elf:3    | Got a transparent amethyst amulet
 61212 | Elf:3    | Got a polished broad axe {flame}
 61255 | Elf:3    | Identified the +7 chain mail of Masochism {*Corrode rN+ Str+4 Stlth+} (You took it off a deep elf blademaster on level 3 of the Elven Halls)
 61388 | Elf:3    | Identified Sif Muna's Incunabulum of Attacks and the Birds
 61394 | Elf:3    | Learned a level 1 spell: Apportation
 61401 | Elf:3    | Identified Orhoxakoxku's Grimoire of Stolen Souls and the Mountains
 61664 | D:10     | Bought a scroll of identify for 50 gold pieces
 61664 | D:10     | Bought a scroll of magic mapping for 87 gold pieces
 61664 | D:10     | Bought a scroll of identify for 50 gold pieces
 61665 | D:10     | Identified the amulet "Amizaxzy" {rElec rPois rF- Regen+ Dex+2} (You took it off a deep elf archer on level 3 of the Elven Halls)
 61669 | D:10     | Identified the +10 broad axe of the Poles {flame, +Inv} (You took it off a deep elf death mage on level 3 of the Elven Halls)
 62034 | Swamp:1  | Got a bound zirconium amulet
 62051 | Swamp:1  | Identified the amulet of Amuzer {RegenMP rElec MR+ Str-2 Dex+3} (You found it on level 1 of the Swamp)
 62053 | Swamp:1  | Got a clouded iron ring
 62056 | Swamp:1  | Identified the ring "Inukhlux" {rCorr MR+ Str+4 Int+4 Dex-4} (You found it on level 1 of the Swamp)
 62378 | Depths:1 | Entered Level 1 of the Depths
 62378 | Depths:1 | Found a gateway to Hell.
 62378 | Depths:1 | Found a corrupted altar of Lugonu.
 62378 | Depths:1 | Found a one-way gate to the infinite horrors of the Abyss.
 62468 | Depths:1 | Found a runed gate.
 62468 | Depths:1 | Found a runed gate.
 62468 | Depths:1 | Found a runed gate.
 62479 | Depths:1 | Reached skill level 18 in Armour
 62755 | Depths:1 | Found a runed door.
 62765 | Depths:1 | Noticed a storm dragon
 62773 | Depths:1 | Killed a storm dragon
 62786 | Depths:1 | Reached XP level 25. HP: 210/210 MP: 36/36
 62808 | Depths:1 | Reached skill level 20 in Fighting
 63404 | Depths:2 | Reached skill level 20 in Invocations
 63578 | Depths:2 | Noticed a caustic shrike
 63583 | Depths:2 | Killed a caustic shrike
 63611 | Depths:2 | Noticed a juggernaut
 63625 | Depths:2 | Killed a juggernaut
 63633 | Depths:2 | Noticed a titan
 63635 | Depths:2 | Killed a titan
 63869 | Depths:2 | Noticed a storm dragon
 63875 | Depths:2 | Noticed a tengu reaver
 63879 | Depths:2 | Killed a storm dragon
 63893 | Depths:2 | Killed a tengu reaver
 63899 | Depths:2 | Reached skill level 19 in Armour
 63900 | Depths:2 | Noticed a tengu reaver
 63913 | Depths:2 | Killed a tengu reaver
 64015 | Depths:2 | Noticed a lich
 64019 | Depths:2 | Killed a lich
 64326 | Depths:2 | Got a crude plate armour
 64337 | Depths:2 | Identified the +3 plate armour of Pugalulo {rF- Str+2 Slay+3} (You found it on level 2 of the Depths)
 64606 | Depths:2 | Noticed a lich
 64609 | Depths:2 | Killed a lich
 64626 | Depths:2 | Reached XP level 26. HP: 106/220 MP: 37/37
 64627 | Depths:2 | Reached skill level 21 in Fighting
 64878 | Depths:2 | Found a runed door.
 64939 | Depths:2 | Got a bloodstained cloak
 64945 | Depths:2 | Identified the +0 cloak "Bixuam" {rElec} (You found it on level 2 of the Depths)
 65375 | Depths:2 | Noticed a tengu reaver
 65383 | Depths:2 | Killed a tengu reaver
 65526 | Depths:2 | Found a runed door.
 65526 | Depths:2 | Found a runed door.
 65688 | Depths:2 | Reached skill level 20 in Axes
 65776 | Depths:2 | Learned a level 1 spell: Summon Butterflies
 65977 | Depths:2 | Noticed the Enchantress
 65992 | Depths:2 | Killed the Enchantress
 65998 | Depths:2 | Got faerie dragon scales
 66054 | Depths:2 | Identified the +2 faerie dragon scales {rC+ Regen+ rCorr MP+9 Int+4} (You took it off the Enchantress on level 2 of the Depths)
 66087 | Depths:3 | Reached skill level 20 in Armour
 66709 | Depths:3 | Found a gateway to a ziggurat.
 66752 | Depths:3 | Reached skill level 21 in Invocations
 66964 | Depths:3 | Found a one-way gate leading to the halls of Pandemonium.
 67122 | Depths:3 | Reached skill level 14 in Dodging
 67286 | Depths:3 | Noticed a tengu reaver
 67295 | Depths:3 | Killed a tengu reaver
 67523 | Depths:3 | Reached XP level 27. HP: 231/231 MP: 37/37
 67645 | Depths:4 | Noticed a tengu reaver
 67649 | Depths:4 | Noticed a juggernaut
 67657 | Depths:4 | Killed a tengu reaver
 67659 | Depths:4 | Noticed a lich
 67659 | Depths:4 | Killed a juggernaut
 67659 | Depths:4 | Reached skill level 22 in Fighting
 67673 | Depths:4 | Killed a lich
 67864 | Depths:4 | Got a glittering lead amulet
 67963 | Depths:4 | Got a pair of spiked boots
 67969 | Depths:4 | Identified the cursed +0 pair of boots "Moeff" {-Cast rF++ rC+ Stlth+} (You found it on level 4 of the Depths)
 67971 | Depths:4 | Identified the amulet "Duteedup" {*Slow rN++ Regen+ Dex+4 Stlth+} (You took it off a hell knight on level 4 of the Depths)
 68518 | Depths:4 | Noticed a tengu reaver
 68533 | Depths:4 | Killed a tengu reaver
 68671 | Depths:4 | You fall through a shaft!
 68671 | Depths:5 | Entered Level 5 of the Depths
 68904 | Depths:5 | Noticed a juggernaut
 68910 | Depths:5 | Killed a juggernaut
 69265 | Depths:5 | Reached skill level 21 in Armour
 69342 | Depths:5 | Found a gate to the Realm of Zot.
 69657 | Depths:5 | Reached skill level 15 in Dodging
 69780 | Depths:5 | Reached skill level 22 in Invocations
 70207 | Vaults:5 | Entered Level 5 of the Vaults
 70592 | Vaults:5 | Noticed a tengu reaver
 70595 | Vaults:5 | Noticed an ancient lich
 70597 | Vaults:5 | Noticed an ancient lich
 70602 | Vaults:5 | Noticed a titan
 70609 | Vaults:5 | Killed a tengu reaver
 70610 | Vaults:5 | Killed an ancient lich
 70610 | Vaults:5 | Reached skill level 23 in Fighting
 70612 | Vaults:5 | Killed an ancient lich
 70614 | Vaults:5 | Killed a titan
 70784 | Vaults:5 | Found Dozathryi's Weapon Shoppe.
 70786 | Vaults:5 | Found Woppaenk's Food Boutique.
 70978 | Vaults:5 | Noticed an ancient lich
 70989 | Vaults:5 | Killed an ancient lich
 71023 | Vaults:5 | Noticed an ancient lich
 71046 | Vaults:5 | Killed an ancient lich
 71097 | Vaults:5 | Reached skill level 16 in Dodging
 71142 | Vaults:5 | Noticed a storm dragon
 71148 | Vaults:5 | Killed a storm dragon
 71190 | Vaults:5 | Found Xeeramon's Distillery.
 71190 | Vaults:5 | Found Vosaav's Food Shoppe.
 71194 | Vaults:5 | Bought a potion of curing for 45 gold pieces
 71194 | Vaults:5 | Bought a potion of might for 60 gold pieces
 71194 | Vaults:5 | Bought a potion of curing for 45 gold pieces
 71194 | Vaults:5 | Bought a potion of cancellation for 120 gold pieces
 71194 | Vaults:5 | Bought 2 potions of curing for 90 gold pieces
 71194 | Vaults:5 | Bought a potion of mutation for 120 gold pieces
 71232 | Vaults:5 | Found Hejavo's Food Emporium.
 71282 | Vaults:5 | Noticed a titan
 71286 | Vaults:5 | Noticed a titan
 71296 | Vaults:5 | Killed a titan
 71296 | Vaults:5 | Reached skill level 22 in Armour
 71301 | Vaults:5 | Killed a titan
 71303 | Vaults:5 | Reached skill level 23 in Invocations
 71563 | Vaults:5 | Found Jiang's Gadget Shop.
 71603 | Vaults:5 | Bought a wand of disintegration (11/24) for 345 gold pieces
 71629 | Vaults:5 | Noticed a storm dragon
 71639 | Vaults:5 | Killed a storm dragon
 71678 | Vaults:5 | Found Naurekypp's Jewellery Shoppe.
 72052 | Vaults:5 | Got a silver rune of Zot
 72559 | Zot:1    | Entered Level 1 of the Realm of Zot
 72583 | Zot:1    | Noticed an electric golem
 72585 | Zot:1    | Noticed a storm dragon
 72598 | Zot:1    | Killed an electric golem
 72600 | Zot:1    | Killed a storm dragon
 72825 | Zot:1    | Noticed an orb of fire
 72827 | Zot:1    | Gained mutation: You are dopey. (Int -2) [an orb of fire]
 72831 | Zot:1    | Gained mutation: You are very dopey. (Int -4) [an orb of fire]
 72844 | Zot:1    | Killed an orb of fire
 72856 | Zot:1    | Noticed a storm dragon
 72872 | Zot:1    | Reached skill level 24 in Fighting
 72889 | Zot:1    | Killed a storm dragon
 72902 | Zot:1    | Noticed a storm dragon
 72914 | Zot:1    | Killed a storm dragon
 73610 | Zot:2    | Reached skill level 24 in Invocations
 73616 | Zot:2    | Reached skill level 23 in Armour
 73734 | Zot:2    | Noticed a storm dragon
 73746 | Zot:2    | Killed a storm dragon
 73920 | Zot:2    | Got a transparent robe
 74740 | Zot:3    | Noticed a curse toe
 74744 | Zot:3    | HP: 60/240 [??? (57)]
 74746 | Zot:3    | Noticed an electric golem
 74747 | Zot:3    | Killed a curse toe
 74751 | Zot:3    | HP: 59/240 [electric golem (5)]
 74756 | Zot:3    | Killed an electric golem
 74774 | Zot:3    | Noticed an electric golem
 74797 | Zot:3    | Killed an electric golem
 74806 | Zot:3    | HP: 30/240 [shadow dragon/bolt of negative energy (51)]
 74907 | Zot:3    | Noticed a storm dragon
 74915 | Zot:3    | Killed a storm dragon
 75129 | Zot:3    | Noticed a storm dragon
 75138 | Zot:3    | Killed a storm dragon
 75207 | Zot:3    | Reached skill level 25 in Fighting
 75410 | Zot:3    | Noticed a curse toe
 75423 | Zot:3    | Killed a curse toe
 75423 | Zot:3    | Reached skill level 25 in Invocations
 75512 | Zot:3    | Noticed an orb of fire
 75515 | Zot:3    | Gained mutation: Your spells are a little easier to cast, but a little less powerful. [an orb of fire]
 75516 | Zot:3    | Gained mutation: Your body sometimes deteriorates upon taking damage. [an orb of fire]
 75519 | Zot:3    | Gained mutation: You occasionally shout uncontrollably at your foes. [an orb of fire]
 75522 | Zot:3    | Killed an orb of fire
 75522 | Zot:3    | Reached skill level 24 in Armour
 75785 | Zot:3    | Noticed a storm dragon
 75792 | Zot:3    | Killed a storm dragon
 75963 | Zot:4    | Noticed a storm dragon
 75974 | Zot:4    | Killed a storm dragon
 76528 | Zot:4    | Noticed an ancient lich
 76585 | Zot:4    | Noticed an orb of fire
 76662 | Zot:4    | Killed an ancient lich
 76663 | Zot:4    | Noticed a storm dragon
 76663 | Zot:4    | Found a stormy altar of Qazlal.
 76664 | Zot:4    | Gained mutation: You are weak. (Str -2) [an orb of fire]
 76669 | Zot:4    | Gained mutation: Your flesh is cold resistant. (rC+) [an orb of fire]
 76670 | Zot:4    | Gained mutation: You are frail. (-10% HP) [an orb of fire]
 76674 | Zot:4    | Killed an orb of fire
 76680 | Zot:4    | Killed a storm dragon
 76687 | Zot:4    | Got a vibrating pewter ring
 76688 | Zot:4    | Identified the ring "Cotaorgh" {Int+4 Stlth+} (You found it on level 4 of the Realm of Zot)
 76711 | Zot:4    | Identified the ring "Vuiz" {*Drain rElec rF+ Str+3 SInv} (You took it off a draconian monk on level 4 of the Realm of Zot)
 76834 | Zot:4    | Noticed a curse toe
 76834 | Zot:4    | Noticed a storm dragon
 76881 | Zot:4    | Killed a storm dragon
 76884 | Zot:4    | HP: 42/219 [??? (39)]
 76930 | Zot:4    | Killed a curse toe
 77009 | Zot:4    | Noticed a curse toe
 77109 | Zot:4    | Killed a curse toe
 77109 | Zot:4    | Reached skill level 26 in Fighting
 77109 | Zot:4    | Reached skill level 26 in Invocations
 77376 | Zot:5    | Entered Level 5 of the Realm of Zot
 77418 | Zot:5    | Noticed a storm dragon
 77437 | Zot:5    | Killed a storm dragon
 77632 | Zot:5    | Reached skill level 25 in Armour
 77701 | Zot:5    | Noticed a storm dragon
 77709 | Zot:5    | Killed a storm dragon
 77813 | Zot:5    | Noticed an ancient lich
 77822 | Zot:5    | Killed an ancient lich
 77948 | Zot:5    | Noticed an orb of fire
 77949 | Zot:5    | Noticed an orb of fire
 77950 | Zot:5    | Noticed an ancient lich
 77953 | Zot:5    | Gained mutation: You are very frail. (-20% HP) [an orb of fire]
 77955 | Zot:5    | Noticed an orb of fire
 77958 | Zot:5    | Noticed an electric golem
 77958 | Zot:5    | Gained mutation: Your body often deteriorates upon taking damage. [an orb of fire]
 77961 | Zot:5    | Killed an orb of fire
 77964 | Zot:5    | Noticed an orb of fire
 77971 | Zot:5    | Killed an ancient lich
 77982 | Zot:5    | Gained mutation: Scrolls take you a little longer to read. [an orb of fire]
 77982 | Zot:5    | Gained mutation: You are very weak. (Str -4) [an orb of fire]
 77983 | Zot:5    | Killed an orb of fire
 77984 | Zot:5    | Gained mutation: Armour fits poorly on your strangely shaped body. [an orb of fire]
 77986 | Zot:5    | Noticed a storm dragon
 77992 | Zot:5    | Killed an orb of fire
 77993 | Zot:5    | Killed an orb of fire
 78000 | Zot:5    | Killed an electric golem
 78003 | Zot:5    | Killed a storm dragon
 78195 | Zot:5    | Lost mutation: Scrolls take you a little longer to read. [potion of mutation]
 78195 | Zot:5    | Lost mutation: You are very weak. (Str -4) [potion of mutation]
 78195 | Zot:5    | Gained mutation: You are resistant to hostile enchantments. (MR+) [potion of mutation]
 78196 | Zot:5    | Lost mutation: You are very dopey. (Int -4) [potion of mutation]
 78196 | Zot:5    | Lost mutation: You are dopey. (Int -2) [potion of mutation]
 78196 | Zot:5    | Lost mutation: You are very frail. (-20% HP) [potion of mutation]
 78196 | Zot:5    | Gained mutation: Your flesh is very cold resistant. (rC++) [potion of mutation]
 78196 | Zot:5    | Lost mutation: Your spells are a little easier to cast, but a little less powerful. [potion of mutation]
 78196 | Zot:5    | Gained mutation: You are somewhat resistant to further mutation. [potion of mutation]
 78197 | Zot:5    | Lost mutation: You are weak. (Str -2) [potion of mutation]
 78197 | Zot:5    | Lost mutation: You are resistant to hostile enchantments. (MR+) [potion of mutation]
 78197 | Zot:5    | Lost mutation: You are somewhat resistant to further mutation. [potion of mutation]
 78197 | Zot:5    | Lost mutation: Armour fits poorly on your strangely shaped body. [potion of mutation]
 78197 | Zot:5    | Gained mutation: Your movements are slightly less encumbered by armour. (ER -2) [potion of mutation]
 78197 | Zot:5    | Lost mutation: Your body often deteriorates upon taking damage. [potion of mutation]
 78197 | Zot:5    | Gained mutation: You are covered in fur. (AC +1) [potion of mutation]
 78197 | Zot:5    | Gained mutation: You possess an exceptional clarity of mind. [potion of mutation]
 78198 | Zot:5    | Lost mutation: Your flesh is very cold resistant. (rC++) [potion of mutation]
 78198 | Zot:5    | Lost mutation: You are frail. (-10% HP) [potion of mutation]
 78198 | Zot:5    | Lost mutation: You possess an exceptional clarity of mind. [potion of mutation]
 78198 | Zot:5    | Lost mutation: Your body sometimes deteriorates upon taking damage. [potion of mutation]
 78198 | Zot:5    | Lost mutation: You occasionally shout uncontrollably at your foes. [potion of mutation]
 78198 | Zot:5    | Gained mutation: You are agile. (Dex +2) [potion of mutation]
 78198 | Zot:5    | Gained mutation: Armour fits poorly on your strangely shaped body. [potion of mutation]
 78198 | Zot:5    | Gained mutation: You are robust. (+10% HP) [potion of mutation]
 78362 | Zot:5    | Reached skill level 27 in Invocations
 78365 | Zot:5    | Got the Orb of Zot
 78427 | Zot:5    | Gained mutation: Your spells are a little easier to cast, but a little less powerful. [a cacodemon]
 78435 | Zot:5    | Noticed Xilubaan the pandemonium lord
 78450 | Zot:5    | Killed Xilubaan the pandemonium lord
 78488 | Zot:5    | Noticed a curse toe
 78578 | Zot:2    | Reached skill level 27 in Fighting
 78620 | Zot:1    | Reached skill level 26 in Armour
 78634 | Zot:1    | Gained mutation: Your body sometimes deteriorates upon taking damage. [a cacodemon]
 78722 | Depths:1 | Noticed Saigg the pandemonium lord
 78732 | Depths:1 | Killed Saigg the pandemonium lord
 78885 | D:8      | Noticed Fydaitucs the pandemonium lord
 79003 | D:5      | Noticed Bauh the pandemonium lord
 79094 | D:1      | Noticed Liqy the pandemonium lord
 79094 | D:1      | Noticed an ancient lich
 79109 | D:1      | Killed Liqy the pandemonium lord
 79114 | D:1      | Killed an ancient lich
 79129 | D:$      | Escaped with the Orb!

Skill      XL: |  1  2  3  4  5  6  7  8  9 10 11 12 13 14 15 16 17 18 19 20 21 22 23 24 25 26 27 |
---------------+----------------------------------------------------------------------------------+-----
Axes           | 3 4 5 7 8 10 11 12 13 14 15 16 17 18 19 20 | 20.1
Shields        | 4 5 6 7 8 9 11 14 15 | 15.4
Armour         | 4 5 6 7 8 9 10 12 13 14 15 17 18 19 20 26 | 26.5
Fighting       | 4 5 6 7 8 9 10 11 12 13 14 15 16 17 18 19 20 21 27 | 27.0
Invocations    | 2 4 6 9 11 13 14 16 17 18 19 20 21 27 | 27.0
Dodging        | 4 6 8 9 10 11 12 13 14 16 | 16.4

Action                   |  1- 3 |  4- 6 |  7- 9 | 10-12 | 13-15 | 16-18 | 19-21 | 22-24 | 25-27 || total
-------------------------+-------+-------+-------+-------+-------+-------+-------+-------+-------++-------
Melee: War axe           |   110 |   177 |   358 |   651 |   246 |       |    18 |       |       ||  1560
       Morningstar       |       |       |       |    18 |   181 |    26 |    61 |     3 |       ||   289
       Battleaxe         |       |       |       |       |   665 |   837 |  1013 |  1031 |  2730 ||  6276
 Fire: Hunting sling     |       |       |    11 |       |       |       |       |       |       ||    11
Throw: Stone             |    52 |   111 |   200 |   122 |   256 |   348 |   435 |    10 |   312 ||  1846
       Tomahawk          |       |       |       |    50 |    91 |       |       |    11 |   133 ||   285
       Throwing net      |       |       |       |     2 |       |       |       |       |       ||     2
       Javelin           |       |       |       |    34 |    35 |       |       |   119 |   100 ||   288
Invok: Line Pass         |       |       |       |     4 |       |       |       |       |       ||     4
       Stomp             |       |       |       |     1 |       |       |       |     1 |       ||     2
       Grand Finale      |       |       |       |       |       |       |       |       |     3 ||     3
 Abil: Dig               |       |       |     4 |    17 |     8 |     3 |     2 |       |     8 ||    42
       Shaft Self        |       |       |       |     1 |     1 |       |       |       |       ||     2
Evoke: Wand              |       |       |     1 |    18 |    13 |     4 |     2 |     1 |     1 ||    40
       Lightning rod     |       |       |       |     4 |     4 |       |       |       |       ||     8
       Box of beasts     |       |       |       |       |     1 |       |       |       |       ||     1
       Phantom mirror    |       |       |       |       |     1 |       |       |       |       ||     1
  Use: Scroll            |       |     4 |    10 |    11 |    13 |     7 |     6 |     7 |    22 ||    80
       Potion            |       |       |     1 |    10 |     8 |     1 |     7 |     2 |     4 ||    33
 Stab: Paralysed         |       |       |     4 |    40 |   103 |    82 |   182 |   201 |   456 ||  1068
       Confused          |       |       |       |     1 |       |       |       |       |     6 ||     7
       Held in net/web   |       |       |       |     1 |       |       |       |       |       ||     1
       Distracted        |       |       |       |       |     1 |     1 |       |     1 |     1 ||     4
       Petrified         |       |       |       |       |       |     5 |       |       |       ||     5
  Eat: Chunk             |     1 |     6 |    11 |    14 |    28 |    27 |    11 |    18 |    39 ||   155
       Fruit             |       |     1 |     1 |    19 |     4 |     2 |     9 |     2 |     2 ||    40
       Meat ration       |       |       |     1 |     3 |     2 |     1 |     5 |     3 |     3 ||    18
Armor: Chain mail        |    65 |    82 |   151 |   341 |   477 |   234 |   281 |   174 |   126 ||  1931
       Ring mail         |       |       |       |       |    36 |    70 |       |       |       ||   106
       Plate armour      |       |       |       |       |       |       |       |       |    27 ||    27
       Gold dragon scale |       |       |       |       |       |       |       |       |   478 ||   478
Dodge: Dodged            |    30 |    37 |    83 |   187 |   506 |   365 |   429 |   285 |   755 ||  2677
       Deflected         |       |       |       |       |       |       |       |       |    65 ||    65
Block: Shield            |    72 |    99 |   190 |   408 |   744 |   482 |   260 |   561 |  2288 ||  5104
       Large shield      |       |       |       |       |       |       |   575 |   263 |       ||   838

Vault maps used:
D:1:      lemuel_arrival_tunnels
D:2:      first_bread, corexii_leaking_fountain
D:3:      cheibriados_altar_1, lemuel_angel_altar
D:4:      serial_shops, nicolae_shop_statue_plus
D:5:      lemuel_crystal_altar, uniq_ijyb, uniq_edmund
D:6:      marbit_many_paths, minmay_temple_entry_fiery
D:7:      nicolae_tso_swordbearing_angel, nicolae_ru_awakened_eye, serial_shops,
          shop, grunt_ogre_cave
D:8:      makhleb_grotto_becter, serial_bayou_lagoon_a
D:9:      elyvilon_altar_5, kennysheep_little_box, kennysheep_boxes,
          uniq_erolcha, uniq_erica
D:10:     erik_lair_island, serial_shops,
          nicolae_shop_temple_entry_statues_fountains, dk_vineyard_1
D:11:     serial_shops, shop, serial_aquarium, aquarium_bridge_square,
          aquarium_bridge_square, aquarium_window_1, aquarium_window_fake,
          aquarium_view_2e, aquarium_view_2c, aquarium_balcony_double_4
D:12:     nicolae_trove_entry_free_sample, special_room
D:13:     hangedman_vaults_entry_quadrant_bands, uniq_rupert
D:14:     kennysheep_seaside_town, minmay_misc_feat_chi, enter_bailey_3,
          uniq_frances
D:15:     gammafunk_depths_entry_grave,
          nicolae_gozag_cash_rules_everything_around_me
Temple:   cyrus_circular_temple
Lair:1:   enter_volcano_4, lemuel_old_faithful, uniq_harold
Lair:2:   nicolae_swamp_entry_splash_gauntlet
Lair:3:   dragon1_lemuel, guppyfry_snake_entry_island, pf_torpor_hydra
Lair:6:   minmay_lair_end_enchanted_forest, slime_altar_1,
          minmay_lair_oklob_chamber, uniq_nessos
Swamp:1:  gammafunk_its_a_trap, evilmike_swamp_ruin_rubble_2,
          infiniplex_staircase_pool_2
Swamp:2:  portal_ice_cave_entry_dragon, nicolae_swamp_dense_foliage, swamp_pool2
Swamp:3:  cheibrodos_swamp_tower_of_moss, nicolae_swamp_stair_fork, uniq_louise
Swamp:4:  swamp, swamp_pool2
Snake:1:  serial_bayou_pond_c, serial_bayou_shore_b, serial_bayou_shore_b
Snake:2:  cheibrodos_snake_ritualist_ritual
Snake:3:  serial_shops, shop_statue, grunt_megastairs_1, lemuel_fruit_tree,
          serial_bayou_shore_a
Snake:4:  snake_pit, serial_bayou_shore_b, grunt_megastairs_4
Orc:2:    st_orc_ogre_mass, nicolae_orc_bridge_out
Elf:1:    orc_legates, uniq_agnes
Elf:2:    uniq_saint_roka
Elf:3:    minmay_elf_hall_statues, serial_corexii_hall, corexii_hall_statues_i,
          corexii_hall_statues_l, corexii_hall_statues_i, corexii_hall_statues_x
Vaults:1: nicolae_vaults_little_squares_5, v_alt_pattern_2,
          ontoclasm_vaults_misaligned, v_misc_24,
          hangedman_vaults_corner_blocks, hangedman_vaults_locks,
          nicolae_vaults_network_periphery, vaults_dpeg_doors,
          vaults_dpeg_encased_lava, ontoclasm_vaults_spin,
          nicolae_vaults_asterisk, v_misc_22, vaults_room_fours, serial_shops,
          nicolae_shop_window_shopping
Vaults:2: ontoclasm_vaults_decontamination, v_misc_2, vaults_room_fours,
          nicolae_vaults_little_squares_1, ontoclasm_vaults_shuriken,
          nicolae_vaults_mini_display_case, serial_shops, shop
Vaults:3: hangedman_vaults_impose, nicolae_vaults_puzzle_piece,
          nicolae_vaults_three_branches, ontoclasm_vaults_twist,
          vaults_dpeg_hooks, vaults_mumra_minichess, v_misc_2,
          hangedman_vaults_capsules, ontoclasm_vaults_chip,
          ontoclasm_vaults_shout, ontoclasm_vaults_ring_square, v_misc_16,
          dummy_crypt_entry, portal_desolation_entry_salt
Vaults:4: vaults_mumra_lcd, nicolae_vaults_an_arrangement,
          nicolae_vaults_alarming, v_misc_18, nicolae_vaults_little_squares_3,
          v_alt_pattern_1, grunt_vaults_funnel, v_misc_18, v_misc_29,
          ontoclasm_vaults_tryst, dpeg_vaults_monster_box, uniq_sojobo,
          uniq_xtahua
Depths:1: hell_entry, abyss_entry_flame_altar, kennysheep_nub, minmay_st_funbox,
          pandoras_box_mu, firewood_loft
Depths:2: minmay_the_grid_ultimate, hell_entry, uniq_enchantress
Depths:3: minmay_bad_star, enter_ziggurat_b, grunt_decor_resistance,
          pf_vacation_house_of_asmodeus, grunt_pan_entry_in_and_out,
          serial_sigils_hangedman_clutch, hangedman_decor_clover_reticule,
          minmay_statues_item
Depths:4: hangedman_cross_stitches, abyss_entry, hell_entry,
          serial_column_ruins, column_ruins_hut, column_ruins_hut_pillars,
          column_ruins_grid_4, column_ruins_open_small,
          column_ruins_columns_water, column_ruins_corridor_corner,
          column_ruins_open_small, infiniplex_staircase_pillars_1,
          hangedman_abyss_or_decor_clamps
Depths:5: evilmike_zot_entry_argh, serial_bayou_ford_a, pan_entry,
          grunt_mini_vestibule, infiniplex_enter_wizlab_spiral,
          minmay_liquid_box
Zot:1:    lemuel_firehouse, zot_minivault_1
Zot:2:    zot_minivault_3
Zot:3:    hangedman_zot_gyre, st_single_dragon_hoard_3,
          hangedman_zot_decor_checkerboard, zot_minivault_7
Zot:4:    regret_index_qazlal_generations, zot_minivault_4
Bailey:   bailey_polearm_4, bailey

Table legend:
 A = Turns spent in this place as a percentage of turns spent in the entire game.
 B = Non-inter-level travel turns spent in this place as a percentage of non-inter-level travel turns spent in the entire game.
 C = Inter-level travel turns spent in this place as a percentage of turns spent in this place.
 D = Turns resting spent in this place as a percentage of non-inter-level travel turns spent in this place.
 E = Turns spent auto-exploring this place as a percentage of non-inter-level travel turns spent in this place.
 F = Non-inter-level travel turns spent in this place divided by the number of levels of this place that you've seen.
                   A       B       C       D       E      F
               +-------+-------+-------+-------+-------+----------------------
         Total | 100.0 | 100.0 |   0.6 |   3.7 |   9.0 | 461.8
       Dungeon |  28.4 |  28.3 |   0.8 |   3.6 |   7.9 | 444.9
        Temple |   0.2 |   0.2 |   2.6 |   0.0 |  13.5 |  37.0
          Lair |  11.9 |  11.9 |   0.6 |   5.6 |   5.5 | 467.8
         Swamp |   6.7 |   6.7 |   0.8 |   5.6 |   9.3 | 394.0
     Snake Pit |   6.4 |   6.4 |   0.3 |   3.7 |  11.3 | 378.2
  Orcish Mines |   2.2 |   2.2 |   1.5 |   3.3 |  12.3 | 259.5
   Elven Halls |   5.3 |   5.3 |   0.4 |   3.4 |  11.3 | 414.7
        Vaults |  14.2 |  14.2 |   0.3 |   3.4 |  12.2 | 669.6
        Depths |  13.1 |  13.1 |   0.4 |   2.6 |   9.2 | 616.2
           Zot |  11.1 |  11.1 |   0.5 |   2.9 |   8.0 | 521.4
        Bailey |   0.6 |   0.6 |   0.0 |   2.7 |   2.0 | 147.0
               +-------+-------+-------+-------+-------+----------------------

Table legend:
 A = Kills in this place as a percentage of kills in entire the game.
 B = Kills by you in this place as a percentage of kills by you in the entire game.
 C = Kills by friends in this place as a percentage of kills by friends in the entire game.
 D = Other kills in this place as a percentage of other kills in the entire game.
 E = Experience gained in this place as a percentage of experience gained in the entire game.
 F = Experience gained in this place divided by the number of levels of this place that you have seen.
                   A       B       C       D       E      F
               +-------+-------+-------+-------+-------+----------------------
         Total | 100.0 | 100.0 |  -nan | 100.0 | 100.0 | 37737.6
       Dungeon |  18.7 |  18.8 |  -nan |  12.1 |   5.3 | 6757.4
          Lair |   9.4 |   9.5 |  -nan |   3.0 |   3.6 | 11521.2
         Swamp |   5.9 |   5.9 |  -nan |   3.0 |   3.5 | 16944.8
     Snake Pit |   6.8 |   6.9 |  -nan |   3.0 |   5.1 | 24330.5
  Orcish Mines |   2.9 |   2.9 |  -nan |   0.0 |   1.2 | 11845.5
   Elven Halls |   5.3 |   5.3 |  -nan |   6.1 |   5.8 | 36937.0
        Vaults |  22.3 |  22.4 |  -nan |  18.2 |  24.4 | 94105.0
        Depths |  16.3 |  16.2 |  -nan |  21.2 |  21.9 | 84413.2
           Zot |  11.7 |  11.8 |  -nan |   3.0 |  29.0 | 111678.4
        Bailey |   0.6 |   0.2 |  -nan |  30.3 |   0.2 | 3543.0
               +-------+-------+-------+-------+-------+----------------------
